 Dungeon Crawl Stone Soup version 0.32-a0-975-g85d4e5bfdb (webtiles) character file.

Game seed: 16448844399385161470

1779763 RBrandon the Pyromancer (level 25, 226/226 HPs)
             Began as a Mountain Dwarf Fire Elementalist on Apr 18, 2024.
             Was an Initiate of Gozag.
             Escaped with the Orb
             ... and 3 runes
             ... and 1 gem!
             The game lasted 03:18:43 (65581 turns).

RBrandon the Pyromancer (MDFE)                     Turns: 65581, Time: 03:18:43

Health: 226/226    AC: 41    Str: 12    XL:     25   Next: 37%
Magic:  38/38      EV: 12    Int: 29    God:    Gozag
Gold:   11619      SH:  0    Dex: 13    Spells: 10/46 levels left

rFire   + + +        a - +3 Elemental Staff {ele, rElec rF+ rC+ AC+3}
rCold   + + .        Z - orb {*channel}
rNeg    . . .        b - +8 ice dragon scales
rPois   .            u - +1 helmet of the Albatross {Regen+}
rElec   +            s - +2 cloak {rCorr}
rCorr   +            C - +0 pair of gloves of Lynal {rElec rF+ Dex+3}
SInv    .            G - +2 pair of boots of Knowledge {Rampage rF+ rC+}
Will    ++...        W - amulet "Yntozysm" {rElec RegenMP+ rCorr Str-2 Int+4} Stlth
                     O - ring of fire
HPRegen 1.37/turn    n - ring of fire
MPRegen 0.66/turn

%: rampage, channel magic (20%)
@: bribing [the Dungeon]
A: runic magic, artefact enchanting
0: Orb of Zot
}: 3/15 runes: barnacled, silver, gossamer
a: Renounce Religion, Potion Petition, Call Merchant, Bribe Branch


You escaped.
You worshipped Gozag.
Gozag was extremely pleased with you.
You visited 10 branches of the dungeon, and saw 48 of its levels.
You visited the Abyss 1 time.
You also visited: Gauntlet.

You collected 29932 gold pieces.
You spent 3623 gold pieces at shops.
You paid 14690 gold pieces to Gozag.

Inventory:

Hand Weapons
 a - the +3 Elemental Staff (weapon) {ele, rElec rF+ rC+ AC+3}
   (You found it on level 1 of the Shoals)

   AC+3:      It affects your AC (+3).
   rF+:       It protects you from fire.
   rC+:       It protects you from cold.
   rElec:     It insulates you from electricity.
 r - a +6 great sword of flaming
   (You took it off a seraph on level 6 of the Dungeon)
Missiles
 E - 10 curare-tipped darts
 X - a throwing net
Armour
 b - +8 ice dragon scales (worn)
 s - a +2 cloak of preservation (worn)
   (You took it off Crazy Yiuf on level 2 of the Dungeon)
 u - the +1 helmet of the Albatross (worn) {Regen+}
   (You found it on level 1 of the Depths)

   Regen+:    It increases your rate of health regeneration.
 C - the +0 pair of gloves of Lynal (worn) {rElec rF+ Dex+3}
   (You acquired it on level 3 of the Elven Halls)

   Dex+3:     It affects your dexterity (+3).
   rF+:       It protects you from fire.
   rElec:     It insulates you from electricity.
 G - the +2 pair of boots of Knowledge (worn) {Rampage rF+ rC+}
   (You acquired it on level 3 of the Lair of Beasts)

   rF+:       It protects you from fire.
   rC+:       It protects you from cold.
   Rampage:   It bestows one free step when moving towards enemies.
 Z - an orb of energy (worn)
   (You found it on level 5 of the Vaults)
Jewellery
 n - a ring of fire (right hand)
 x - the amulet of Honesty {rElec rPois RegenMP+ Dex+2}
   (You acquired it on level 13 of the Dungeon)

   [amulet of magic regeneration]

   It increases your rate of magic regeneration.
   Dex+2:     It affects your dexterity (+2).
   rElec:     It insulates you from electricity.
   rPois:     It protects you from poison.
   RegenMP+:  It increases your rate of magic regeneration.
 L - the ring "Gosyth" {rN+ Will+}
   (You found it in a Gauntlet)

   [ring of willpower]

   rN+:       It protects you from negative energy.
   Will+:     It increases your willpower.
 O - a ring of fire (left hand)
 S - a +5 ring of evasion
 W - the amulet "Yntozysm" (around neck) {rElec RegenMP+ rCorr Str-2 Int+4}
   (You found it on level 1 of the Depths)

   [amulet of magic regeneration]

   It increases your rate of magic regeneration.
   Str-2:     It affects your strength (-2).
   Int+4:     It affects your intelligence (+4).
   rElec:     It insulates you from electricity.
   rCorr:     It protects you from acid and corrosion.
   RegenMP+:  It increases your rate of magic regeneration.
Wands
 i - a wand of light (21)
 B - a wand of warping (64)
 F - a wand of paralysis (44)
 I - a wand of polymorph (26)
 R - a wand of digging (7)
 U - a wand of mindburst (35)
Scrolls
 d - 8 scrolls of fog
 e - 10 scrolls of fear
 f - 12 scrolls of noise
 k - 10 scrolls of poison
 m - 5 scrolls of butterflies
 p - 2 scrolls of torment
 q - 6 scrolls of amnesia
 v - a scroll of enchant armour
 w - 21 scrolls of teleportation
 A - 7 scrolls of revelation
 J - 4 scrolls of vulnerability
 K - 10 scrolls of immolation
Potions
 g - 3 potions of cancellation
 h - 2 potions of invisibility
 l - 3 potions of berserk rage
 o - 16 potions of curing
 t - 10 potions of enlightenment
 z - 9 potions of heal wounds
 D - 5 potions of might
 H - 5 potions of lignification
 M - 3 potions of brilliance
 N - 9 potions of mutation
 P - 2 potions of haste
 Q - 6 potions of ambrosia
 T - 6 potions of resistance
 Y - 2 potions of magic
Miscellaneous
 c - a phantom mirror
 j - a sack of spiders (inert)
 y - a tin of tremorstones (2/2)
 V - a lightning rod (4/4)


   Skills:
 + Level 18.8 Fighting
 - Level 11.1 Staves
 + Level 21.3 Armour
 + Level 12.6 Dodging
 - Level 1.4 Stealth
 - Level 11.3 Spellcasting
 - Level 4.1 Conjurations
 - Level 9.2 Translocations
 - Level 25.0 Fire Magic
 - Level 12.7 Ice Magic
 - Level 5.1 Air Magic
 - Level 14.9 Earth Magic
 - Level 13.9 Evocations


You had 10 spell levels left.
You knew the following spells:

 Your Spells              Type           Power      Damage    Failure   Level
a - Ignition              Fire           89%        3d23      5%          8
b - Scorch                Fire           100%       2d9       1%          2
c - Inner Flame           Hex/Fire       100%       N/A       1%          3
d - Volatile Blastmotes   Fire/Tloc      100%       2d18      1%          3
e - Flame Wave            Conj/Fire      100%       2d21      1%          4
f - Plasma Beam           Fire/Air       75%        2x1d92    6%          6
g - Passage of Golubria   Tloc           63%        N/A       4%          4
h - Permafrost Eruption   Ice/Erth       60%        2x4d13    9%          6

Your spell library contained the following spells:

 Spells                   Type           Power      Damage    Failure   Level
 Apportation              Tloc           100%       N/A       1%          1
 Foxfire                  Conj/Fire      100%       2x1d9     1%          1
 Freeze                   Ice            100%       1d10      1%          1
 Lesser Beckoning         Tloc           100%       N/A       1%          2
 Frozen Ramparts          Ice            100%       1d16      1%          3
 Ozocubu's Armour         Ice            94%        N/A       1%          3
 Maxwell's Portable Pile  Tloc           63%        2d(11-32) 2%          3
 Teleport Other           Tloc           63%        N/A       2%          3
 Ignite Poison            Fire/Alch      100%       N/A       2%          4
 Summon Blazeheart Golem  Fire/Summ      100%       N/A       2%          4
 Lee's Rapid Deconstruct  Erth           50%        3d24*     2%          5
 Ensorcelled Hibernation  Hex/Ice        100%       N/A       3%          2
 Hailstorm                Conj/Ice       78%        3d13      3%          3
 Magic Dart               Conj           100%       1d8       4%          1
 Shock                    Conj/Air       100%       1d9       4%          1
 Swiftness                Air            62%        N/A       7%          3
 Starburst                Conj/Fire      74%        6d19      7%          6
 Kiss of Death            Conj/Necr      100%       2d13      8%          1
 Sting                    Conj/Alch      100%       1d9       8%          1
 Leda's Liquefaction      Alch/Erth      37%        N/A       8%          4
 Petrify                  Alch/Erth      74%        N/A       8%          4
 Mercury Vapours          Alch/Air       94%        N/A       9%          2
 Vhi's Electric Charge    Tloc/Air       100%       N/A       9%          4
 Cigotuvi's Dreadful Rot  Necr/Alch/Air  78%        N/A       11%         2
 Mephitic Cloud           Conj/Alch/Air  51%        N/A       12%         3
 Necrotise                Necr           64%        1d7       13%         1
 Slow                     Hex            64%        N/A       13%         1
 Summon Small Mammal      Summ           64%        N/A       13%         1
 Dazzling Flash           Conj/Hex       56%        N/A       16%         3
 Airstrike                Air            31%        2d(5-21)  16%         4
 Dimensional Bullseye     Hex/Tloc       21%        N/A       17%         4
 Freezing Cloud           Conj/Ice/Air   46%        6-21      17%         5
 Metabolic Englaciation   Hex/Ice        34%        N/A       22%         5
 Call Canine Familiar     Summ           16%        N/A       30%         3
 Confusing Touch          Hex            16%        N/A       30%         3
 Fugue of the Fallen      Necr           16%        N/A       30%         3
 Sigil of Binding         Hex            16%        N/A       30%         3
 Tukima's Dance           Hex            16%        N/A       30%         3
 Vampiric Draining        Necr           16%        2d7       30%         3
 Summon Lightning Spire   Summ/Air       47%        N/A       34%         4
 Arcjolt                  Conj/Air       30%        1d40      38%         5
 Iskenderun's Battlesphe  Conj           40%        2d9       43%         5
 Anguish                  Hex/Necr       8%         N/A       61%         4
 Dispel Undead            Necr           16%        3d10      61%         4
 Martyr's Knell           Necr/Summ      16%        N/A       61%         4
 Silence                  Hex/Air        23%        N/A       61%         5
 Magnavolt                Erth/Air       53%        3d22      73%         7
 Manifold Assault         Tloc           31%        N/A       82%         7
 Conjure Ball Lightning   Conj/Air       30%        3x3d10    86%         6
 Alistair's Intoxication  Alch           10%        N/A       89%         5
 Yara's Violent Unravell  Hex/Alch       8%         3d5       89%         5
 Summon Cactus Giant      Summ           8%         N/A       100%        6
 Borgnjor's Revivificati  Necr           8%         N/A       100%        8
 Discord                  Hex            8%         N/A       100%        8
 Disjunction              Tloc           31%        N/A       100%        8
 Lehudib's Crystal Spear  Conj/Erth      41%        10d10     100%        8
 Maxwell's Capacitive Co  Air            31%        ∞         100%        8
 Fire Storm               Conj/Fire      74%        8d19      100%        9


Dungeon Overview and Level Annotations

Branches:
Dungeon (15/15)            Temple (1/1) D:4            Lair (5/5) D:8
 Shoals (4/4) Lair:3       Spider (4/4) Lair:3        Slime (0/5) Lair:5
    Orc (2/2) D:9             Elf (3/3) Orc:2        Vaults (5/5) D:13
  Crypt (0/3) Vaults:2     Depths (4/4) D:15            Zot (5/5) Depths:4
Gauntlet (visited)

Altars:
Ashenzari
Cheibriados
Dithmenos
Elyvilon
Fedhas
Gozag
Hepliaklqana
Kikubaaqudgha
Makhleb
Nemelex Xobeh
Okawaru
Qazlal
Ru
Sif Muna
Trog
Uskayaw
Vehumet
Wu Jian
Xom
Yredelemnul
Zin
The Shining One
Beogh
Lugonu

Shops:
D:4 ?   D:6 !   D:14 ?   Orc:2 ?:[[*(=[   Elf:3 ?   Shoals:2 [   Vaults:1 ?
Depths:4 **

Portals:
Hell: Depths:1 Depths:2 Depths:3 Depths:4
Abyss: Lair:5 Depths:3
Pandemonium: Depths:1
Ziggurat: Depths:4
Trove: D:14 (give 8 potions of haste)

Annotations:
D:2 Sigmund, Terence
D:8 6 runed translucent doors
D:9 exclusion: obsidian statue
Shoals:1 Roxanne
Elf:2 4 runed translucent doors, bananaken's ghost, adept TrMo
Depths:4 3 runed translucent doors, exclusion: obsidian statue, Hitwibomn's ghost, veteran GnWn


Innate Abilities, Weirdness & Mutations

Your spellcasting is much less encumbered by armour.
You can use scrolls of enchantment on lesser artefacts.


Message History

Okay, then.
Casting: Plasma Beam (mildly dangerous; 6% risk of failure)
Press: ? - help, Q - select action, (/) - cycle Dir - look around, f - activate
Okay, then.
Casting: Plasma Beam (mildly dangerous; 6% risk of failure)
Press: ? - help, Q - select action, (/) - cycle Dir - look around, f - activate
Okay, then.
Press: ? - help, v - describe, . - travel, g - get item
Here: Meisup (black smoke, lightly wounded, wandering, peaceful) Item here: 13 gold pieces.
The floor.
Casting: Plasma Beam (mildly dangerous; 6% risk of failure)
Confirm with . or Enter, or press ? or * to list all spells.
You feel a strong surge of power!
Bitter cold erupts, blasting rock from the ceiling!
The mass of rock hits the hellwing!
The hellwing is moderately wounded.
Piercing cold boils outward!
The piercing cold hits the hellwing!!
The hellwing is severely wounded.
Meisup tramples something!
Something is shoved backwards!
You feel a bit more experienced.
Press: ? - help, v - describe, . - travel
Here: Meisup (wandering, peaceful)
The floor.
Unknown command.
You now have 11552 gold pieces (gained 20).
You now have 11565 gold pieces (gained 13).
You now have 11578 gold pieces (gained 13).
You now have 11583 gold pieces (gained 5).
You now have 11598 gold pieces (gained 15).
You now have 11603 gold pieces (gained 5).
You now have 11619 gold pieces (gained 16).
Your extra speed is starting to run out.
You enter the shallow water.
Moving in this stuff is going to be slow.
You feel yourself slow down.
There is a large open door here.
There is a staircase leading out of the dungeon here.
Magic restored.
You have escaped!

.................#...............
............##..§.§..............
.###...#....##...§§..............
.#..........~~~≈≈§≈~§~.###..#....
............~ß~~≈§§~ß~.##........
............~~ß~~~~ß~~...........
...........§≈~~#''#~~≈...........
............≈§~#..#~§≈...........
...........§§≈~#@.#~≈≈...........
............≈~~####~~≈.##........
........####~~ß~~~~ß~~...........
........# #~ß~~≈≈~~ß~....##.....
........# #~~~≈≈≈≈~~~...........
........####################.....
........#.....#...#..............
........#.....#...#............##
.^................#............'.


There were no monsters in sight!

Vanquished Creatures
  A seraph (D:6)
  A dread lich (Vaults:5)
  2 juggernauts (Depths:2)
  Xtahua (Vaults:2)
  Josephina (Depths:3)
  A pandemonium lord (D:1)
  A Killer Klown (Zot:5)
  Saint Roka (Depths:1)
  3 caustic shrikes
  7 golden dragons
  Jory (Vaults:1)
  the Enchantress (Depths:3)
  A Tzitzimitl (D:15)
  An electric golem (Zot:5)
  6 liches
  Jorgrun (D:15)
  12 tentacled monstrosities
  A walking earthen tome (Depths:2)
  21 Orb Guardians
  5 quicksilver dragons
  A walking crystal tome (Depths:3)
  2 deep elf blademasters (Elf:3)
  3 Executioners
  A deep elf master archer (Elf:3)
  Polyphemus (Shoals:3)
  A walking divine tome (Depths:3)
  6 titans
  A walking frostbound tome (Depths:2)
  8 sphinxes
  2 death cobs
  11 tengu reavers
  Kirke (D:13)
  13 storm dragons
  13 shadow dragons
  Donald (Vaults:4)
  A draconian monk (Zot:3)
  2 demonspawn warmongers
  2 protean progenitors (Zot:3)
  11 fire giants
  15 frost giants
  2 balrugs
  4 emperor scorpions (Spider:4)
  18 vault wardens
  A ghost moth (Spider:4)
  An angel (D:6)
  2 iron dragons
  Louise (Shoals:1)
  A reaper (Depths:3)
  4 draconian stormcallers (Depths:4)
  8 deep elf sorcerers (Elf:3)
  5 deep elf elementalists (Elf:3)
  4 spriggan defenders
  The ghost of Pooter the Ripper, an adept FeBe of Trog (Spider:4)
  A draconian annihilator (Depths:4)
  2 orc warlords
  A formless jellyfish (Vaults:3)
  2 broodmothers (Spider:4)
  A demonspawn black sun (Depths:2)
  16 very ugly things
  A demonspawn blood saint (D:15)
  25 stone giants
  22 ironbound preservers
  6 deep elf annihilators
  7 ironbound thunderhulks
  A yellow draconian (Zot:1)
  2 green draconians
  2 deep elf demonologists (Elf:3)
  2 eleionomae (Shoals:1)
  5 deep elf death magi (Elf:3)
  A black draconian (Zot:1)
  3 minotaurs
  A white draconian (Depths:4)
  4 vampire knights
  6 purple draconians
  A lorocyproca (Depths:1)
  9 dire elephants
  5 war gargoyles
  15 ettins
  13 spark wasps
  6 merfolk impalers
  Snorg (D:14)
  14 fire dragons
  A blizzard demon (D:1)
  2 jiangshi (Depths:4)
  9 entropy weavers
  2 deep elf high priests
  4 great orbs of eyes
  Fannar (D:11)
  8 spriggan air magi
  16 yaktaur captains
  32 vault guards
  Harold (D:11)
  A servant of whispers (Vaults:3)
  5 ironbound frosthearts
  An entropy weaver (shapeshifter) (Lair:5)
  4 hydras
  A hell beast (Zot:2)
  2 merfolk avatars
  6 rakshasas
  An ogre mage (D:15)
  9 ice dragons
  2 peacekeepers
  3 radroaches
  2 catoblepae
  11 centaur warriors
  2 jorogumos
  18 satyrs
  13 boulder beetles
  13 dancing weapons
  7 two-headed ogres
  7 tengu warriors
  2 vampire magi
  8 deep troll shamans
  7 death yaks
  10 deep troll earth magi
  6 orc high priests
  11 occultists
  Urug (D:11)
  3 thrashing horrors (Lair:5)
  Sonja (Orc:1)
  10 demonic crawlers
  6 hell knights
  A spriggan berserker (Depths:2)
  3 sun demons (D:6)
  9 deep elf knights
  7 iron trolls
  A soul eater (Depths:1)
  2 skysharks
  A shadow wraith (Vaults:2)
  Nergalle (Lair:1)
  7 pharaoh ants
  A glowing orange brain (shapeshifter) (Depths:3)
  54 deep trolls
  3 glowing orange brains
  A shadow demon (Depths:2)
  A steelbarb worm (shapeshifter) (Vaults:5)
  14 sea snakes
  4 flayed ghosts
  7 deep elf archers
  A cherub (D:6)
  3 sun moths
  10 orb spiders
  9 large abominations
  12 arcanists
  Pikel (D:7)
  8 lindwurms
  A shock serpent (shapeshifter) (Vaults:5)
  23 deep elf pyromancers
  21 ironbound convokers
  6 necromancers
  48 harpies
  4 phantasmal warriors (Vaults:5)
  7 steelbarb worms
  53 ugly things
  10 orc knights
  11 deep elf zephyrmancers
  2 shining eyes (shapeshifter)
  13 wolf spiders
  13 cyclopes
  A manticore (shapeshifter) (Vaults:5)
  4 orc sorcerers (Orc:2)
  A will-o-the-wisp (Abyss:2)
  A faun (shapeshifter) (Vaults:5)
  17 manticores
  27 fauns
  13 moths of wrath
  7 meliai
  5 merfolk sirens
  3 kobold blastminers
  A toenail golem (Zot:5)
  3 elephants (Lair:5)
  A titan simulacrum (Depths:3)
  13 centaur zombies (D:10)
  A black mamba (Lair:5)
  20 vault sentinels
  A water nymph (shapeshifter) (Vaults:5)
  11 water nymphs
  5 smoke demons
  5 torpor snails
  A torpor snail (shapeshifter) (Vaults:5)
  6 rime drakes
  An unseen horror (D:11)
  An orange demon (D:15)
  3 unseen horror zombies (D:10)
  16 cane toads
  18 yaktaurs
  9 komodo dragons
  3 freezing wraiths (Vaults:5)
  A kobold demonologist (D:10)
  Psyche (D:11)
  9 tengu conjurers
  2 spark wasp simulacra (Depths:3)
  An ancient zyme (Abyss:2)
  An ice devil (D:14)
  2 tormentors
  An efreet (D:10)
  22 merfolk
  A yaktaur skeleton (Vaults:5)
  A merfolk (shapeshifter) (Vaults:5)
  11 trolls
  A polar bear (shapeshifter) (D:15)
  A red devil (Depths:2)
  5 tyrant leeches
  6 wind drakes
  A tarantella (shapeshifter) (D:15)
  Prince Ribbit (D:6)
  2 saltlings (Vaults:3)
  2 raiju
  26 tarantellas
  16 blink frogs
  18 dream sheep
  2 hornets
  17 jumping spiders
  2 glass eyes (Depths:2)
  A raiju (shapeshifter) (Elf:1)
  A human simulacrum (Vaults:2)
  18 snapping turtles
  35 slime creatures
  3 spriggans
  An air elemental (Elf:2)
  13 culicivoras
  8 small abominations (Lair:5)
  4 ynoxinuls
  13 water elementals
  10 wraiths
  65 yaks
  10 shadows
  4 vampires
  8 wyverns
  12 basilisks
  2 golden eyes (Depths:3)
  18 humans (D:13)
  2 fire bats (Lair:4)
  6 hogs (D:13)
  4 wargs
  A steam dragon (D:10)
  2 vampire mosquitoes (D:14)
  45 redbacks
  4 fire elementals
  Edmund (D:4)
  2 swamp worms (Gauntlet)
  An ogre zombie (Vaults:5)
  3 chaos spawn
  An acid dragon (D:12)
  11 water moccasins
  An ogre skeleton (Vaults:2)
  41 orc warriors
  2 human zombies (Vaults:5)
  3 ice beasts
  An ogre (shapeshifter) (D:13)
  4 ogres
  5 laughing skulls
  A crocodile (shapeshifter) (Abyss:3)
  A black bear (D:6)
  14 centaurs
  A tengu (shapeshifter) (D:15)
  12 wolves
  3 lemures (D:7)
  A human skeleton (Vaults:2)
  3 kobold brigands
  2 weeping skulls (Abyss:3)
  17 bullfrogs
  A bullfrog (shapeshifter) (D:15)
  A scorpion (D:7)
  A glowing shapeshifter simulacrum (Depths:3)
  3 earth elementals
  16 wights
  4 killer bees (D:10)
  8 howler monkeys
  A lava snake (Lair:4)
  16 jellies
  Crazy Yiuf (D:2)
  2 gnoll boudas
  4 hounds
  28 orc priests
  2 iron imps
  48 orc wizards
  2 sleepcaps
  2 iguanas
  Robin (D:3)
  13 adders
  13 gnolls
  A shadow imp (D:6)
  3 white imps
  An ufetubus (Abyss:2)
  A dart slug (D:2)
  3 ribbon worms
  87 orcs
  8 ball pythons
  9 bats
  3 endoplasms
  2 giant cockroaches
  21 goblins
  8 hobgoblins
  2 quokkas
  4 frilled lizards
  17 kobolds
  A rat (D:1)
  2 aspiring fleshes (Zot:3)
  A butterfly (Lair:1)
2127 creatures vanquished.

Vanquished Creatures (collateral kills)
  An orb of fire (Zot:5)
  3 Killer Klowns (Zot:5)
  A golden dragon (Zot:5)
  An electric golem (Zot:5)
  4 Orb Guardians (Zot:5)
  A storm dragon (Zot:5)
  A soul eater (Zot:5)
  2 phantasmal warriors (Vaults:5)
  A shadow demon (Zot:5)
  8 foxfires
23 creatures vanquished.

Vanquished Creatures (others)
  A dread lich (Zot:5)
  2 ancient liches (Zot:5)
  An orb of fire (Zot:5)
  3 Killer Klowns (Zot:5)
  5 tentacled monstrosities
  6 Orb Guardians (Zot:5)
  A storm dragon (Zot:5)
  A shadow dragon (Zot:5)
  A draconian knight (Zot:5)
  2 draconian shifters (Zot:5)
  A draconian scorcher (Zot:5)
  A ghost moth (Zot:4)
  A draconian stormcaller (Zot:5)
  2 green draconians
  A black draconian (Zot:5)
  A white draconian (Zot:5)
  A war gargoyle (Vaults:5)
  A yellow draconian (Zot:5)
  2 moths of wrath (Zot:5)
  A hellwing (D:1)
  A human (D:13)
  771 foxfires
807 creatures vanquished.

Grand Total: 2957 creatures vanquished

Notes
Turn   | Place    | Note
-------+----------+-------------------------------------------
     0 | D:1      | RBrandon the Mountain Dwarf Fire Elementalist began the
                  | quest for the Orb.
     0 | D:1      | Reached XP level 1. HP: 14/14 MP: 3/3
   239 | D:1      | Reached XP level 2. HP: 20/20 MP: 0/5
   811 | D:2      | Reached skill level 4 in Fire Magic
   854 | D:2      | Learned a level 2 spell: Scorch
   942 | D:2      | Reached XP level 3. HP: 26/26 MP: 2/6
   986 | D:2      | HP: 1/26 [sleepcap (5)]
  1220 | D:2      | Noticed Terence
  1276 | D:2      | Reached skill level 5 in Fire Magic
  1429 | D:2      | Reached XP level 4. HP: 30/33 MP: 1/7
  1598 | D:2      | Noticed Sigmund
  1901 | D:2      | Found a runed translucent door.
  1902 | D:2      | Noticed Crazy Yiuf
  1919 | D:2      | Killed Crazy Yiuf
  2143 | D:3      | Reached skill level 6 in Fire Magic
  2506 | D:3      | Noticed Robin
  2597 | D:3      | Killed Robin
  2598 | D:3      | Reached XP level 5. HP: 38/38 MP: 3/8
  2813 | D:3      | Learned a level 3 spell: Inner Flame
  2817 | D:3      | Learned a level 3 spell: Volatile Blastmotes
  3099 | D:4      | Noticed Edmund
  3101 | D:4      | Noticed an ogre
  3102 | D:4      | Killed Edmund
  3103 | D:4      | Reached skill level 7 in Fire Magic
  3103 | D:4      | Reached XP level 6. HP: 45/45 MP: 9/9
  3109 | D:4      | Reached skill level 8 in Fire Magic
  3307 | D:4      | Reached skill level 9 in Fire Magic
  3352 | D:4      | Reached skill level 1 in Conjurations
  3532 | D:4      | Reached XP level 7. HP: 50/50 MP: 10/10
  3557 | D:4      | Identified the +5 mace "Ukadwen" {drain, Fly Int+4}
  3828 | D:4      | Found a stormy altar of Qazlal.
  4013 | D:4      | Found Laleug's Magic Scroll Shop.
  4020 | D:4      | Bought a scroll of teleportation for 30 gold pieces
  4020 | D:4      | Bought a scroll of fear for 40 gold pieces
  4020 | D:4      | Bought a scroll of butterflies for 40 gold pieces
  4186 | D:4      | Found a staircase to the Ecumenical Temple.
  4192 | Temple   | Entered the Ecumenical Temple
  4211 | Temple   | Became a worshipper of Gozag Ym Sagoz the Greedy
  4255 | D:5      | Entered Level 5 of the Dungeon
  4335 | D:5      | Found an iron altar of Okawaru.
  5251 | D:6      | Found a glowing silver altar of Zin.
  5363 | D:6      | Noticed Prince Ribbit
  5368 | D:6      | Killed Prince Ribbit
  5369 | D:6      | Reached XP level 8. HP: 57/57 MP: 15/15
  5543 | D:6      | Reached skill level 10 in Fire Magic
  5645 | D:6      | Learned a level 4 spell: Flame Wave
  5987 | D:6      | Reached skill level 11 in Fire Magic
  6332 | D:6      | Found Radafa's Distillery.
  6340 | D:6      | Bought a potion of curing for 42 gold pieces
  6340 | D:6      | Bought a potion of brilliance for 56 gold pieces
  6340 | D:6      | Bought a potion of enlightenment for 70 gold pieces
  6738 | D:7      | Reached XP level 9. HP: 59/62 MP: 16/16
  6840 | D:7      | Reached skill level 12 in Fire Magic
  6998 | D:7      | Noticed Pikel
  7018 | D:7      | Killed Pikel
  7019 | D:7      | Reached skill level 13 in Fire Magic
  7427 | D:7      | Reached skill level 14 in Fire Magic
  8083 | D:8      | Found a staircase to the Lair.
  8084 | D:8      | Noticed a komodo dragon
  8096 | D:8      | Killed a komodo dragon
  8097 | D:8      | Reached skill level 15 in Fire Magic
  8136 | D:8      | Reached XP level 10. HP: 65/69 MP: 9/17
  8378 | D:8      | Found a bloodstained altar of Trog.
  8424 | D:8      | Noticed a two-headed ogre
  8455 | D:8      | Killed a two-headed ogre
  8456 | D:8      | Reached skill level 16 in Fire Magic
  8755 | D:8      | Found a runed translucent door.
  9114 | Lair:1   | Entered Level 1 of the Lair of Beasts
  9118 | Lair:1   | Noticed a cane toad
  9130 | Lair:1   | Killed a cane toad
  9131 | Lair:1   | Noticed a cane toad
  9133 | Lair:1   | Reached skill level 5 in Fighting
  9264 | Lair:1   | Killed a cane toad
  9523 | Lair:1   | Reached XP level 11. HP: 79/92 MP: 14/18
  9665 | Lair:1   | Reached skill level 1 in Armour
  9950 | Lair:1   | Noticed Nergalle
  9956 | Lair:1   | Killed Nergalle
 10358 | Lair:1   | Reached skill level 5 in Armour
 11524 | Lair:2   | Reached XP level 12. HP: 83/105 MP: 19/19
 12447 | Lair:2   | Reached skill level 10 in Fighting
 12741 | Lair:3   | Reached skill level 5 in Dodging
 12813 | Lair:3   | Found a staircase to the Shoals.
 12814 | Lair:3   | Found a hole to the Spider Nest.
 13263 | Lair:3   | Identified a scroll of acquirement
 13263 | Lair:3   | Acquired the +2 pair of boots of Knowledge {Rampage rF+
                  | rC+}
 13495 | Lair:4   | Reached skill level 10 in Armour
 14353 | Lair:5   | Entered Level 5 of the Lair of Beasts
 14464 | Lair:5   | Noticed a catoblepas
 14474 | Lair:5   | Killed a catoblepas
 14480 | Lair:5   | Noticed a seven-headed hydra
 14641 | Lair:5   | Reached XP level 13. HP: 106/116 MP: 18/20
 15119 | Lair:5   | Found a staircase to the Slime Pits.
 16088 | Lair:5   | Found a corrupted altar of Lugonu.
 16108 | Lair:5   | Found a one-way gate to the infinite horrors of the Abyss.
 17272 | D:8      | Identified the +5 whip "Dunoj" {drain, rPois Will+}
 17276 | D:8      | Found a runed translucent gate.
 17276 | D:8      | Found a runed translucent gate.
 17276 | D:8      | Found a runed translucent gate.
 17276 | D:8      | Found a runed translucent gate.
 17276 | D:8      | Found a runed translucent gate.
 17276 | D:8      | Found a runed translucent gate.
 17863 | D:9      | Reached XP level 14. HP: 116/129 MP: 21/21
 17957 | D:9      | Found a staircase to the Orcish Mines.
 17981 | D:9      | Found a roughly hewn altar of Beogh.
 18312 | D:9      | Found a shimmering blue altar of Sif Muna.
 18614 | Orc:1    | Entered Level 1 of the Orcish Mines
 18622 | Orc:1    | Reached skill level 1 in Evocations
 18847 | Orc:2    | Entered Level 2 of the Orcish Mines
 18949 | Orc:2    | Found Masyufeq's Antique Armour Shop.
 18952 | Orc:2    | Found a gate leading to a gauntlet.
 18957 | Orc:2    | Bought a slimy plate armour for 588 gold pieces
 18957 | Orc:2    | Identified the +2 plate armour of Hazxoz {rF+} (You bought
                  | it in a shop on level 2 of the Orcish Mines)
 19046 | Gauntlet | Entered a Gauntlet
 19046 | Gauntlet | Found a transporter.
 19055 | Gauntlet | Found a transporter.
 19075 | Gauntlet | Found a transporter.
 19076 | Gauntlet | Found a transporter.
 19091 | Gauntlet | Found a transporter.
 19106 | Gauntlet | Found a transporter.
 19119 | Gauntlet | Found a transporter.
 19147 | Gauntlet | Found a transporter.
 19151 | Gauntlet | Found a transporter.
 19157 | Gauntlet | Found a transporter.
 19157 | Gauntlet | Found a transporter.
 19161 | Gauntlet | Found a transporter.
 19326 | Gauntlet | Identified the ring "Gosyth" {rN+ Will+}
 19344 | Gauntlet | Reached skill level 5 in Evocations
 19438 | Gauntlet | Identified the +4 rapier of the Sea {pain, rC++ Str-5}
 19438 | Gauntlet | Identified the amulet "Jeatret" {RegenMP+ Str+3}
 19438 | Gauntlet | Identified the +0 leather armour "Orphe" {rF+ Int+3}
 19438 | Gauntlet | Identified the +7 arbalest of Cerue {penet, +Blink Will+
                  | Str+2}
 19440 | Gauntlet | Acquired 815 gold pieces
 19453 | Orc:2    | Found a staircase to the Elven Halls.
 19616 | Orc:2    | Found Tuziteit's Armour Shop.
 19820 | Orc:2    | Found Cerghaf's Book Boutique.
 19822 | Orc:2    | Found Isyder's Magic Scroll Emporium.
 19900 | Orc:2    | Noticed an orc warlord
 19918 | Orc:2    | Killed an orc warlord
 20120 | Orc:2    | Found Lyucli's General Store.
 20120 | Orc:2    | Found Hyess's Jewellery Boutique.
 20127 | Orc:2    | Found Tih Cer's Antique Armour Shop.
 20127 | Orc:2    | Found Ziossyf's Antique Weapon Shop.
 20319 | Orc:2    | Bought runed ice dragon scales for 1827 gold pieces
 20361 | Orc:2    | Bought Cerebov's Vellum of Blistering Impulse for 720 gold
                  | pieces
 20372 | Orc:2    | Learned a level 8 spell: Ignition
 20475 | Orc:1    | Noticed Sonja
 20490 | Orc:1    | Killed Sonja
 21008 | Orc:2    | Bought a scroll of enchant armour for 105 gold pieces
 21008 | Orc:2    | Bought a scroll of enchant armour for 105 gold pieces
 21064 | D:10     | Entered Level 10 of the Dungeon
 21114 | D:10     | Reached skill level 17 in Fire Magic
 21492 | D:10     | Identified the +8 flail of Slow Death {elec, rF- Dex+7
                  | Stlth+}
 21503 | D:10     | Reached skill level 18 in Fire Magic
 22497 | D:10     | Reached XP level 15. HP: 136/136 MP: 22/22
 23027 | D:11     | Noticed Harold
 23036 | D:11     | Killed Harold
 23124 | D:11     | Noticed Urug
 23142 | D:11     | Killed Urug
 23326 | D:11     | Noticed Fannar
 23330 | D:11     | Killed Fannar
 23331 | D:11     | Reached skill level 19 in Fire Magic
 23670 | D:11     | Noticed Psyche
 23675 | D:11     | Killed Psyche
 25659 | D:13     | Noticed Kirke
 25662 | D:13     | Reached skill level 20 in Fire Magic
 25668 | D:13     | Killed Kirke
 26150 | D:13     | Found a gate to the Vaults.
 26295 | D:13     | Acquired the amulet of Honesty {rElec rPois RegenMP+ Dex+2}
 26588 | D:14     | Reached skill level 21 in Fire Magic
 26652 | D:14     | Found Roipipai's Magic Scroll Boutique.
 26996 | D:14     | You are sucked into a shaft and drop 1 floor!
 26996 | D:15     | Entered Level 15 of the Dungeon
 27139 | D:15     | Reached skill level 22 in Fire Magic
 27142 | D:15     | Noticed Jorgrun
 27154 | D:15     | Killed Jorgrun
 27628 | D:15     | Identified the +0 robe of Negation {Int+3}
 27890 | D:15     | Reached XP level 16. HP: 132/144 MP: 18/23
 28208 | Abyss:2  | Cast into level 2 of the Abyss (an occultist)
 28210 | Abyss:2  | Found a corrupted altar of Lugonu.
 28411 | Abyss:3  | Reached skill level 23 in Fire Magic
 28423 | Abyss:3  | Found a corrupted altar of Lugonu.
 28452 | Abyss:3  | Noticed a hellephant
 28559 | Abyss:3  | Found a corrupted altar of Lugonu.
 28574 | D:15     | Escaped the Abyss
 28775 | D:14     | Noticed Snorg
 28783 | D:14     | Killed Snorg
 28922 | D:14     | Identified the +5 mace "Newt's Foe" {vamp, ^Drain rC+++
                  | Str+4}
 29032 | D:14     | Found a glowing silver altar of Zin.
 29032 | D:14     | Found a white marble altar of Elyvilon.
 29032 | D:14     | Found a glowing golden altar of the Shining One.
 29350 | D:14     | Found a portal to a secret trove of treasure.
 29897 | Shoals:1 | Entered Level 1 of the Shoals
 29920 | Shoals:1 | Reached skill level 5 in Spellcasting
 31061 | Shoals:1 | Noticed Louise
 31148 | Shoals:1 | Killed Louise
 31567 | Shoals:1 | Found the +3 Elemental Staff {ele, rElec rF+ rC+ AC+3}
 31638 | Shoals:1 | Noticed Roxanne
 31819 | Shoals:2 | Found Pikke's Antique Armour Shop.
 32618 | Shoals:2 | Reached XP level 17. HP: 120/150 MP: 18/30
 32831 | Shoals:3 | Reached skill level 10 in Spellcasting
 33688 | Shoals:3 | Noticed Polyphemus
 33703 | Shoals:3 | Killed Polyphemus
 33740 | Shoals:3 | Reached skill level 10 in Evocations
 34223 | Shoals:4 | Entered Level 4 of the Shoals
 35190 | Shoals:4 | Reached skill level 1 in Staves
 35252 | Shoals:4 | Noticed a sphinx
 35253 | Shoals:4 | Noticed a sphinx
 35257 | Shoals:4 | Paralysed by a sphinx for 4 turns
 35291 | Shoals:3 | Reached skill level 5 in Staves
 35584 | Shoals:4 | Paralysed by a sphinx for 4 turns
 35593 | Shoals:4 | Killed a sphinx
 35738 | Shoals:4 | Killed a sphinx
 35916 | Shoals:4 | Noticed Nikola
 36174 | Shoals:4 | Nikola changed into Nikola the caustic shrike
 36174 | Shoals:4 | Noticed Nikola
 36181 | Shoals:4 | Killed Nikola the caustic shrike
 36211 | Shoals:4 | Identified the +8 broad axe "Gitu" {flame, rCorr Int-5
                  | Dex+3}
 36317 | Shoals:4 | Learned a level 4 spell: Airstrike
 36323 | Shoals:4 | Learned a level 5 spell: Arcjolt
 36477 | Shoals:4 | Reached XP level 18. HP: 114/157 MP: 28/33
 36937 | Shoals:4 | Got a barnacled rune of Zot
 37317 | Spider:1 | Entered Level 1 of the Spider Nest
 37592 | Spider:1 | You fall into a shaft and drop 1 floor!
 37658 | Spider:2 | Learned a level 6 spell: Plasma Beam
 38285 | Spider:1 | Reached skill level 1 in Air Magic
 39987 | Spider:3 | Reached skill level 5 in Air Magic
 40247 | Spider:3 | Identified the ring of the Snail {rPois rF- Str+5 Dex-5
                  | SInv}
 40457 | Spider:3 | Acquired 898 gold pieces
 40941 | Spider:4 | Entered Level 4 of the Spider Nest
 41086 | Spider:4 | Reached skill level 15 in Armour
 41145 | Spider:4 | Identified the orb of Experimentation {guile, rN+ Dex+2}
 41768 | Spider:4 | Got a gossamer rune of Zot
 41893 | Spider:4 | Found a runed translucent gate.
 41893 | Spider:4 | Found a runed translucent gate.
 41893 | Spider:4 | Found a runed translucent gate.
 41894 | Spider:4 | Noticed Pooter's ghost (adept FeBe)
 41904 | Spider:4 | Killed Pooter's ghost
 41905 | Spider:4 | Reached XP level 19. HP: 141/166 MP: 26/34
 41939 | Spider:4 | Identified the +1 hat of the Beginning {rPois rF- Str+3
                  | Int+6}
 42336 | Vaults:1 | Entered Level 1 of the Vaults
 42474 | Vaults:1 | Found Opluef's Magic Scroll Shop.
 43893 | Vaults:2 | Noticed Jory
 43938 | Vaults:1 | Killed Jory
 44022 | Vaults:2 | Got the Secrets of Doom
 44398 | Vaults:2 | Learned a level 4 spell: Passage of Golubria
 44413 | Vaults:2 | Acquired the +1 helmet of Viuher {Slay+2 SInv}
 44481 | Vaults:2 | Reached skill level 10 in Dodging
 44647 | Vaults:2 | Noticed Xtahua
 44659 | Vaults:2 | Killed Xtahua
 44842 | Vaults:2 | Reached XP level 20. HP: 139/177 MP: 16/35
 45195 | Vaults:2 | Found a staircase to the Crypt.
 45195 | Vaults:2 | Found a basalt altar of Yredelemnul.
 45196 | Vaults:2 | Found an ancient bone altar of Kikubaaqudgha.
 45533 | Vaults:2 | Reached skill level 15 in Fighting
 45911 | Vaults:3 | Identified the +3 leather armour of Totydghe {Slay+2}
 46088 | Vaults:3 | Found a glowing golden altar of the Shining One.
 46423 | Vaults:3 | Found a crumbling gateway.
 47063 | Vaults:4 | Identified the +4 falchion of the Gloaming {freeze, Fly rC-
                  | Int+3}
 47124 | Vaults:4 | Reached skill level 10 in Staves
 47557 | Vaults:4 | Identified the +6 arbalest "Meipugawkih" {antimagic, Str+4
                  | Int+3 Dex+3}
 47731 | Vaults:4 | Noticed Donald
 47735 | Vaults:4 | Killed Donald
 48596 | Vaults:5 | Entered Level 5 of the Vaults
 48600 | Vaults:5 | Reached XP level 21. HP: 181/187 MP: 28/36
 48730 | Vaults:5 | Noticed a dread lich
 48736 | Vaults:5 | Paralysed by a dread lich for 2 turns
 48740 | Vaults:5 | Killed a dread lich
 48794 | Vaults:5 | Noticed a golden dragon
 48799 | Vaults:5 | Killed a golden dragon
 49048 | Vaults:5 | Got the Elucidation of Injury
 49078 | Vaults:5 | Identified the +4 halberd "Jellyslayer" {holy, rPois rF++}
 49185 | Vaults:5 | Reached skill level 5 in Translocations
 49450 | Vaults:5 | Noticed a golden dragon
 49586 | Vaults:5 | Killed a golden dragon
 50052 | Vaults:5 | Found the +2 pair of slick slippers {slick, slippery, EV+4}
 50076 | Vaults:5 | Identified the ring "Zezuf" {Wiz rF+}
 50147 | Vaults:5 | Identified the +2 spear of Might {flame, rPois}
 50277 | Vaults:5 | Identified the +0 scale mail "Notegev" {^Drain Str+4 Dex+5
                  | Stlth+}
 50294 | Vaults:5 | Identified the +4 flail of Demand {freeze, rElec Will+
                  | rCorr}
 50332 | Vaults:5 | Identified the +2 morningstar of Taoff {flame, Fly SInv}
 50427 | Vaults:5 | Identified the +3 trident "Xuupn" {freeze, rC+ Int+5}
 50429 | Vaults:5 | Got a silver rune of Zot
 50697 | Vaults:5 | Identified the +0 hat "Wamos" {Harm}
 51038 | Vaults:5 | Reached XP level 22. HP: 195/195 MP: 14/37
 51730 | Vaults:5 | Upgraded the game from 0.32-a0-961-gd60f5e5fc7 to
                  | 0.32-a0-975-g85d4e5bfdb
 52393 | Elf:1    | Entered Level 1 of the Elven Halls
 52395 | Elf:1    | Reached skill level 24 in Fire Magic
 53249 | Elf:1    | Got the Information on Traumaturgy
 53749 | Elf:2    | Found a runed translucent door.
 53750 | Elf:2    | Noticed bananaken's ghost (adept TrMo)
 53761 | Elf:2    | Identified the +5 great sword "Lapp" {vamp, rF+ rN+ Str+2}
 53762 | Elf:2    | Paralysed by an air elemental for 1 turns
 54046 | Elf:2    | Found a runed translucent gate.
 54047 | Elf:2    | Found a runed translucent gate.
 54047 | Elf:2    | Found a runed translucent gate.
 54128 | Elf:2    | Reached skill level 25 in Fire Magic
 54345 | Elf:3    | Entered Level 3 of the Elven Halls
 54345 | Elf:3    | Found Ruklekank's Magic Scroll Emporium.
 54763 | Elf:3    | Identified the blade talisman "Puaro" {rElec rF+ rCorr
                  | Dex-4}
 54776 | Elf:3    | Acquired the +0 pair of gloves of Lynal {rElec rF+ Dex+3}
 54842 | Elf:3    | Got the Guide on Fascination and the Atmosphere
 54869 | Elf:3    | Identified the +2 war axe "Giull" {spect, *Noise rPois
                  | rCorr Dex-4}
 55958 | D:15     | Found a staircase to the Depths.
 56036 | Depths:1 | Entered Level 1 of the Depths
 56036 | Depths:1 | Noticed Saint Roka
 56046 | Depths:1 | Killed Saint Roka
 56223 | Depths:1 | Found a gateway to Hell.
 56529 | Depths:1 | Found a one-way gate leading to the halls of Pandemonium.
 56618 | Depths:1 | Noticed a caustic shrike
 56626 | Depths:1 | Killed a caustic shrike
 56819 | Depths:1 | Reached XP level 23. HP: 95/207 MP: 1/38
 57525 | Depths:1 | Identified the +1 helmet of the Albatross {Regen+}
 57700 | Depths:1 | Identified the amulet "Yntozysm" {rElec RegenMP+ rCorr
                  | Str-2 Int+4}
 57711 | Depths:1 | Learned a level 6 spell: Permafrost Eruption
 57827 | Depths:2 | Reached skill level 1 in Ice Magic
 57827 | Depths:2 | Reached skill level 1 in Earth Magic
 58613 | Depths:2 | Reached skill level 5 in Earth Magic
 58721 | Depths:2 | Reached skill level 5 in Ice Magic
 59008 | Depths:2 | Noticed a juggernaut
 59025 | Depths:2 | Killed a juggernaut
 59241 | Depths:2 | Found the +1 Delatra's gloves {ID++}
 59248 | Depths:2 | Got the Vellum of the Engineer
 59354 | Depths:2 | Noticed a juggernaut
 59358 | Depths:2 | Killed a juggernaut
 60234 | Depths:3 | Noticed a caustic shrike
 60242 | Depths:3 | Killed a caustic shrike
 60306 | Depths:3 | Identified the +2 battleaxe "Hydraslayer" {spect, rElec rF+
                  | Str+3 Dex+2}
 60306 | Depths:3 | Identified the +0 leather armour "Vezxiab" {Harm rPois
                  | rCorr Int-2}
 60312 | Depths:3 | Reached skill level 10 in Earth Magic
 60399 | Depths:3 | Reached XP level 24. HP: 186/210 MP: 7/38
 60810 | Depths:3 | Found a sacrificial altar of Ru.
 60811 | Depths:3 | Found an ornate altar of the Wu Jian Council.
 60811 | Depths:3 | Found a shimmering altar of Xom.
 60811 | Depths:3 | Found a stormy altar of Qazlal.
 60932 | Depths:3 | Noticed the Enchantress
 60937 | Depths:3 | Killed the Enchantress
 61315 | Depths:3 | Identified the ring "Ehee" {Ice Int+3}
 61315 | Depths:3 | Noticed Josephina
 61319 | Depths:3 | Killed Josephina
 61845 | Depths:4 | Entered Level 4 of the Depths
 61853 | Depths:4 | Reached skill level 10 in Ice Magic
 62052 | Depths:4 | Found a runed translucent gate.
 62052 | Depths:4 | Found a runed translucent gate.
 62052 | Depths:4 | Found a runed translucent gate.
 62053 | Depths:4 | Found an opulent altar of Gozag.
 62053 | Depths:4 | Found Suodiupn's Assorted Antiques.
 62053 | Depths:4 | Found Ustoosusch's Assorted Antiques.
 62054 | Depths:4 | Noticed a juggernaut
 62054 | Depths:4 | Noticed Hitwibomn's ghost (veteran GnWn)
 62074 | Depths:4 | Identified the ring of Peagiq Jai {rF+ rN++}
 62299 | Depths:4 | Found a one-way gateway to a ziggurat.
 62614 | Depths:4 | Found a gate to the Realm of Zot.
 63090 | Zot:1    | Entered Level 1 of the Realm of Zot
 63549 | Zot:3    | You fall into a shaft and drop 1 floor!
 63746 | Zot:5    | Entered Level 5 of the Realm of Zot
 63951 | Zot:5    | Got a prismatic gem with 140 turns to spare
 63991 | Zot:5    | Noticed a Killer Klown
 64003 | Zot:5    | Noticed an ancient lich
 64016 | Zot:5    | Noticed an orb of fire
 64024 | Zot:5    | Noticed a Killer Klown
 64045 | Zot:5    | Noticed a dread lich
 64052 | Zot:5    | Killed an ancient lich
 64054 | Zot:5    | Killed a dread lich
 64084 | Zot:5    | Killed a Killer Klown
 64091 | Zot:5    | Killed an ancient lich
 64107 | Zot:5    | Noticed a Killer Klown
 64151 | Zot:5    | Killed a Killer Klown
 64250 | Zot:5    | Killed a Killer Klown
 64351 | Zot:5    | Noticed a Killer Klown
 64353 | Zot:5    | Killed a Killer Klown
 64408 | Zot:5    | Noticed an ancient lich
 64408 | Zot:5    | Noticed an orb of fire
 64493 | Zot:5    | Noticed a Killer Klown
 64509 | Zot:5    | Killed a Killer Klown
 64520 | Zot:5    | Noticed a Killer Klown
 64529 | Zot:5    | Killed a Killer Klown
 64605 | Zot:5    | Got the Orb of Zot
 64619 | Zot:5    | Killed an orb of fire
 64645 | Zot:5    | Reached XP level 25. HP: 186/224 MP: 38/38
 64744 | Zot:3    | Noticed Miakel the pandemonium lord
 65176 | D:15     | Noticed Cusef the pandemonium lord
 65294 | D:9      | Noticed Gycofos the pandemonium lord
 65364 | D:6      | Noticed a seraph
 65370 | D:6      | Killed a seraph
 65519 | D:1      | Noticed Xuvimimu the pandemonium lord
 65527 | D:1      | Noticed Meisup the pandemonium lord
 65531 | D:1      | Killed Xuvimimu the pandemonium lord
 65581 | D:$      | Escaped with the Orb!

Illustrated notes

Levels and vault maps discovered:
D:1:      lightli_arrival_boilingwater, layout_basic,
          dreamdust_mushroom_princess
D:2:      layout_basic, uniq_crazy_yiuf_cottage, uniq_terence, uniq_sigmund
D:3:      layout_loops_ring, uniq_robin
D:4:      corexii_shantytown, layout_rooms, mainiacjoe_overflow_six_doors_small,
          minmay_temple_entry_nine_rooms, serial_shops,
          nicolae_shop_hallway_plus, uniq_edmund
D:5:      layout_basic, kennysheep_okawaru_gauntlet
D:6:      layout_basic, zin_treasury, serial_shops, nicolae_lakefront_shop,
          grunt_tough_drop, uniq_prince_ribbit1
D:7:      minmay_flawed_box, layout_loops_ring, minmay_door_square, uniq_pikel
D:8:      gammafunk_indiana_jones, layout_rooms, mainiacjoe_overflow_alcove_2,
          david_lair_shrubbed, kennysheep_generic_room_16
D:9:      minmay_statue_hallways, layout_irregular_city, lemuel_blue_sif_altar,
          minmay_orc_entry_temple_large, serial_rivers,
          chequers_serial_rivers_micro_c, chequers_serial_rivers_small_3,
          chequers_serial_rivers_micro_d, chequers_serial_rivers_micro_b,
          chequers_serial_rivers_large_a, chequers_serial_rivers_micro_e
D:10:     nzn_winding_woodlands_medium [nzn_winding_woodlands_5x5_open_star,
          nzn_winding_woodlands_5x15_zeroes, nzn_winding_woodlands_5x5_cross,
          nzn_winding_woodlands_5x5_closed_star,
          nzn_winding_woodlands_center_diamonds,
          nzn_winding_woodlands_5x5_checkerboard,
          nzn_winding_woodlands_5x5_three, nzn_winding_woodlands_5x15_eye,
          nzn_winding_woodlands_5x5_default], layout_stronghold, serial_undead,
          serial_undead_d, serial_undead_e, serial_undead_f, serial_undead_a,
          serial_undead_c, serial_undead_d, serial_undead_f, serial_undead_e,
          serial_undead_d, serial_undead_e
D:11:     layout_stronghold, uniq_urug, uniq_harold, uniq_psyche, uniq_fannar
D:12:     layout_gridville
D:13:     layout_roguey, grunt_vaults_entry_tiered, uniq_kirke
D:14:     layout_irregular_city, serial_shops, nicolae_take_the_stairs,
          good_gods_mini_temple, trove_entry_hex_spiral,
          small_statue_intersection, uniq_snorg
D:15:     kennysheep_seaside_town, layout_irregular_city, serial_column_ruins,
          column_ruins_columns_corner, column_ruins_columns_straight,
          column_ruins_columns_straight, column_ruins_corridor_T, uniq_jorgrun
Temple:   minmay_temple_bridge_d
Lair:1:   layout_misc_corridors, grunt_megastairs_3, lemuel_fruit_fields,
          infiniplex_staircase_pool_2, uniq_nergalle
Lair:2:   layout_cave_pods, grunt_forest_small_clearings
Lair:3:   layout_cave_shapes, shoals_dummy_entry, dummy_spider_entry,
          beast_lair_carwin_8
Lair:4:   layout_gridlike
Lair:5:   hellmonk_lair_end_abyssal_woods, layout_small_grid,
          minmay_slime_entry_jelly_boxes, grunt_megastairs_5
Shoals:1: argonaut_golden_fleece, layout_shoals,
          nicolae_shoals_lost_giant_temple, nicolae_shoals_enchanted_isle,
          uniq_roxanne, uniq_louise
Shoals:2: layout_shoals, serial_shops, nicolae_stop_n_shop_2
Shoals:3: layout_shoals, nicolae_shoals_hunting_party, uniq_polyphemus
Shoals:4: shoals_end_hellmonk_lost_city, uniq_nikola
Spider:1: layout_chambers, uniq_agnes
Spider:2: layout_spider_delve, nicolae_spider_checkerboard
Spider:3: layout_chambers, drop_trap, hangedman_stitches_earthworm
Spider:4: hellmonk_spider_rune_bug_friends, gammafunk_ghost_tricky_traps
Orc:1:    layout_caves, uniq_sonja
Orc:2:    st_orc_congregation, layout_diamond_mine, serial_shops,
          nicolae_shop_stone, nicolae_shop_getting_attention, shop, shop,
          gauntlet_entry_generic
Elf:1:    eino_elf_arrival_shootout, layout_loops_corners,
          minmay_elf_annihilation
Elf:2:    nicolae_elf_blades_crystal_corner, layout_gridlike,
          gammafunk_ghost_grave, dk_noncrumbling_4
Elf:3:    minmay_elf_hall_spiked, layout_geoelf_octagon, serial_shops, shop,
          serial_sigils_hangedman_scratch
Vaults:1: st_lattice, v_alt_pattern_1, v_misc_14, hangedman_vaults_restitches,
          nicolae_vaults_alarming, nicolae_vaults_more_shelving_2,
          nicolae_vaults_apartment_1, nicolae_vaults_two_Ls,
          nicolae_vaults_diamond_2, nicolae_vaults_border_crossing,
          layout_vaults_omnigrid, serial_shops, shop
Vaults:2: nicolae_vaults_double_plus_2, vaults_room_pool,
          nicolae_vaults_what_the_h, nicolae_vaults_quartermaster, v_misc_29,
          grunt_vaults_focal, nicolae_vaults_circle_grid_a,
          nicolae_vaults_weapon_check, minmay_crypt_entry_necro_gods,
          nicolae_vaults_closet_pinwheel_5, v_misc_29,
          nicolae_vaults_closet_pinwheel_4, v_alt_pattern_1,
          layout_vaults_big_cross, uniq_jory, uniq_xtahua
Vaults:3: portal_desolation_entry_salt, hangedman_vaults_locks,
          vaults_standard_mumra_x, v_misc_14, v_misc_30, ontoclasm_vaults_idyll,
          nicolae_vaults_shelves_hall, nicolae_vaults_heart-shaped_vault,
          nicolae_vaults_trapezoid_3, hangedman_vaults_stagger,
          nicolae_vaults_triangles, lemuel_angel_altar, v_misc_15,
          layout_vaults_maze_bifur
Vaults:4: nicolae_vaults_storage_room_water, nicolae_vaults_surprise_closet,
          nicolae_vaults_trapezoid_lopsided_2, nicolae_vaults_closet_pinwheel_2,
          nicolae_vaults_trapezoid_lopsided_1, nicolae_vaults_tetromino_L_2,
          hangedman_vaults_variations, grunt_vaults_swirl,
          nicolae_vaults_network_periphery, nicolae_vaults_six-pack,
          vaults_room_pools, nicolae_vaults_tangram_2,
          nicolae_vaults_an_arrangement, vaults_room_pools, v_misc_19,
          layout_vaults_omnibox, uniq_donald
Vaults:5
Depths:1: layout_gridlike, rand_demon_pan_entry_8, hell_entry,
          serial_library_hellmonk_double_dead_end,
          serial_library_hellmonk_hallway_a, minmay_multi_spiral,
          uniq_saint_roka
Depths:2: hangedman_box_tower, layout_long_grid, hangedman_abyss_or_decor_slice,
          grunt_hell_entry_dis_grunt, serial_bayou, serial_bayou_pond_c,
          serial_bayou_pond_b, serial_bayou_ford_a, serial_bayou_pond_b,
          grunt_pan_entry_in_and_out, minmay_misc_feat_doors,
          minmay_misc_feat_ornament
Depths:3: minmay_the_grid_octo_tiled_squarecenter
          [minmay_the_grid_octo_fat_diamond, minmay_the_grid_octo_chip,
          minmay_the_grid_octo_shrine, minmay_the_grid_octo_clover,
          minmay_the_grid_square_5x5_megaprize_diamond,
          minmay_the_grid_square_5x5_fancy_junction,
          minmay_the_grid_square_5x5_c, minmay_the_grid_square_5x5_mess,
          minmay_the_grid_square_5x5_two_walls_b], layout_basic, abyss_entry,
          hell_entry, nrook_pool_corridor, uniq_enchantress, uniq_josephina
Depths:4: evilmike_zot_entry_argh, layout_gridlike, enter_ziggurat_a,
          hell_entry, ebering_ghost_gozag
Zot:1:    layout_gridlike
Zot:2:    layout_concentric_octagons
Zot:3:    layout_twisted_circle
Zot:4:    layout_basic, zot_minivault_5
Zot:5:    layout_cathedral_of_symmetry, skrybe_zot_glass_2

Skill      XL: |  1  2  3  4  5  6  7  8  9 10 11 12 13 14 15 16 17 18 19 20 21 22 23 24 25 |
---------------+----------------------------------------------------------------------------+-----
Spellcasting   | 2 4 9 11 | 11.3
Fire Magic     | 4 5 6 7 9 11 15 16 18 22 23 25 | 25.0
Conjurations   | 1 4 |  4.1
Fighting       | 7 9 11 13 14 15 16 17 18 | 18.8
Dodging        | 2 4 5 8 10 11 12 | 12.6
Armour         | 7 11 14 15 17 18 19 20 21 | 21.3
Evocations     | 9 12 13 | 13.9
Staves         | 7 8 9 10 11 | 11.1
Air Magic      | 5 |  5.1
Translocations | 8 9 |  9.2
Ice Magic      | 8 12 | 12.7
Earth Magic    | 10 14 | 14.9
Stealth        | |  1.4

Action                     |  1- 3 |  4- 6 |  7- 9 | 10-12 | 13-15 | 16-18 | 19-21 | 22-24 | 25-27 || total
---------------------------+-------+-------+-------+-------+-------+-------+-------+-------+-------++-------
  Melee: Trident           |     4 |    14 |       |       |       |       |       |       |       ||    18
         Quarterstaff      |       |     8 |     1 |       |       |       |       |       |       ||     9
         Mace              |       |       |     6 |    44 |   366 |   101 |       |       |       ||   517
         Staff             |       |       |       |       |       |   323 |   300 |   484 |    27 ||  1134
  Throw: Throwing net      |       |       |       |       |     1 |       |       |       |       ||     1
   Cast: Foxfire           |    42 |    70 |   149 |   112 |    63 |       |       |       |       ||   436
         Scorch            |     1 |    17 |    48 |    82 |    91 |    32 |       |       |       ||   271
         Inner Flame       |       |     2 |    16 |    17 |     6 |     4 |       |       |       ||    45
         Volatile Blastmot |       |       |     3 |     8 |    14 |       |       |       |       ||    25
         Flame Wave        |       |       |       |    52 |   198 |   100 |       |       |       ||   350
         Ignition          |       |       |       |       |     2 |    68 |    63 |    57 |     5 ||   195
         Plasma Beam       |       |       |       |       |       |    72 |   251 |   429 |    56 ||   808
         Permafrost Erupti |       |       |       |       |       |       |       |    25 |    13 ||    38
 Invoke: Potion Petition   |       |       |       |     1 |     5 |     1 |     3 |     1 |     1 ||    12
         Bribe Branch      |       |       |       |       |       |       |       |     2 |     1 ||     3
  Evoke: Wand              |       |       |       |     1 |    10 |    28 |     5 |       |     1 ||    45
         Lightning rod     |       |       |       |       |    11 |       |       |       |       ||    11
         Sack of spiders   |       |       |       |       |       |     1 |     1 |       |     1 ||     3
         Tin of tremorston |       |       |       |       |       |     1 |       |     5 |       ||     6
    Use: Potion            |     1 |       |       |     2 |     3 |     5 |     5 |     8 |     2 ||    26
         Scroll            |       |       |       |    14 |    16 |    12 |     7 |     6 |     1 ||    56
   Stab: Paralysed         |       |       |       |     3 |     9 |       |       |       |       ||    12
         Distracted        |       |       |       |       |     2 |       |     1 |     1 |     1 ||     5
 Armour: Robe              |     9 |    27 |     1 |       |       |       |       |       |       ||    37
         Ring mail         |       |       |    35 |    69 |       |       |       |       |       ||   104
         Plate armour      |       |       |       |   195 |   502 |       |       |       |       ||   697
         Ice dragon scales |       |       |       |       |   800 |  1059 |   413 |   744 |   160 ||  3176
  Dodge: Dodged            |     5 |    22 |    15 |    50 |   389 |   427 |   134 |   232 |    42 ||  1316

Table legend: (Time is in decaauts)
 A = Elapsed time spent in this place.
 B = Non-inter-level travel time spent in this place.
 C = Inter-level travel time spent in this place.
 D = Time resting spent in this place.
 E = Time spent auto-exploring this place.
 F = Levels seen in this place.
 G = Mean time per level.
                   A        B        C        D        E       F      G
               +--------+--------+--------+--------+--------+-----+--------+
         Total |  65775 |  62299 |   3476 |  11462 |  36694 |  51 | 1289.7 |
       Dungeon |  20908 |  19432 |   1476 |   2464 |  13204 |  15 | 1393.9 |
        Temple |     38 |      6 |     32 |      0 |      0 |   1 |   38.0 |
          Lair |   8048 |   7571 |    477 |   2383 |   3723 |   5 | 1609.6 |
        Shoals |   7467 |   7222 |    245 |   3006 |   2406 |   4 | 1866.8 |
   Spider Nest |   4799 |   4614 |    185 |    485 |   3314 |   4 | 1199.8 |
  Orcish Mines |   2122 |   1956 |    166 |    330 |    996 |   2 | 1061.0 |
   Elven Halls |   3210 |   3038 |    172 |    195 |   2179 |   3 | 1070.0 |
        Vaults |   9449 |   9105 |    344 |   1358 |   5824 |   5 | 1889.8 |
        Depths |   7134 |   6884 |    250 |    770 |   4642 |   4 | 1783.5 |
           Zot |   1823 |   1698 |    125 |    277 |    382 |   5 |  364.6 |
         Abyss |    371 |    371 |      0 |      0 |      0 |   2 |  185.5 |
      Gauntlet |    400 |    400 |      0 |    193 |     24 |   1 |  400.0 |
               +--------+--------+--------+--------+--------+-----+--------+

Top non-repeatable levels by time:
Vaults:5: 3137 daAuts
Shoals:3: 2575 daAuts
Depths:2: 2347 daAuts
  Lair:5: 2320 daAuts
    D:15: 2003 daAuts
Shoals:1: 2002 daAuts
    D:10: 1932 daAuts
Vaults:2: 1841 daAuts
Shoals:4: 1773 daAuts
Depths:3: 1767 daAuts
Depths:1: 1754 daAuts
  Lair:2: 1691 daAuts
Spider:3: 1678 daAuts
     D:7: 1650 daAuts
Vaults:4: 1630 daAuts

Levels and vault maps discovered:
D:1:      lightli_arrival_boilingwater, layout_basic,
          dreamdust_mushroom_princess
D:2:      layout_basic, uniq_crazy_yiuf_cottage, uniq_terence, uniq_sigmund
D:3:      layout_loops_ring, uniq_robin
D:4:      corexii_shantytown, layout_rooms, mainiacjoe_overflow_six_doors_small,
          minmay_temple_entry_nine_rooms, serial_shops,
          nicolae_shop_hallway_plus, uniq_edmund
D:5:      layout_basic, kennysheep_okawaru_gauntlet
D:6:      layout_basic, zin_treasury, serial_shops, nicolae_lakefront_shop,
          grunt_tough_drop, uniq_prince_ribbit1
D:7:      minmay_flawed_box, layout_loops_ring, minmay_door_square, uniq_pikel
D:8:      gammafunk_indiana_jones, layout_rooms, mainiacjoe_overflow_alcove_2,
          david_lair_shrubbed, kennysheep_generic_room_16
D:9:      minmay_statue_hallways, layout_irregular_city, lemuel_blue_sif_altar,
          minmay_orc_entry_temple_large, serial_rivers,
          chequers_serial_rivers_micro_c, chequers_serial_rivers_small_3,
          chequers_serial_rivers_micro_d, chequers_serial_rivers_micro_b,
          chequers_serial_rivers_large_a, chequers_serial_rivers_micro_e
D:10:     nzn_winding_woodlands_medium [nzn_winding_woodlands_5x5_open_star,
          nzn_winding_woodlands_5x15_zeroes, nzn_winding_woodlands_5x5_cross,
          nzn_winding_woodlands_5x5_closed_star,
          nzn_winding_woodlands_center_diamonds,
          nzn_winding_woodlands_5x5_checkerboard,
          nzn_winding_woodlands_5x5_three, nzn_winding_woodlands_5x15_eye,
          nzn_winding_woodlands_5x5_default], layout_stronghold, serial_undead,
          serial_undead_d, serial_undead_e, serial_undead_f, serial_undead_a,
          serial_undead_c, serial_undead_d, serial_undead_f, serial_undead_e,
          serial_undead_d, serial_undead_e
D:11:     layout_stronghold, uniq_urug, uniq_harold, uniq_psyche, uniq_fannar
D:12:     layout_gridville
D:13:     layout_roguey, grunt_vaults_entry_tiered, uniq_kirke
D:14:     layout_irregular_city, serial_shops, nicolae_take_the_stairs,
          good_gods_mini_temple, trove_entry_hex_spiral,
          small_statue_intersection, uniq_snorg
D:15:     kennysheep_seaside_town, layout_irregular_city, serial_column_ruins,
          column_ruins_columns_corner, column_ruins_columns_straight,
          column_ruins_columns_straight, column_ruins_corridor_T, uniq_jorgrun
Temple:   minmay_temple_bridge_d
Lair:1:   layout_misc_corridors, grunt_megastairs_3, lemuel_fruit_fields,
          infiniplex_staircase_pool_2, uniq_nergalle
Lair:2:   layout_cave_pods, grunt_forest_small_clearings
Lair:3:   layout_cave_shapes, shoals_dummy_entry, dummy_spider_entry,
          beast_lair_carwin_8
Lair:4:   layout_gridlike
Lair:5:   hellmonk_lair_end_abyssal_woods, layout_small_grid,
          minmay_slime_entry_jelly_boxes, grunt_megastairs_5
Shoals:1: argonaut_golden_fleece, layout_shoals,
          nicolae_shoals_lost_giant_temple, nicolae_shoals_enchanted_isle,
          uniq_roxanne, uniq_louise
Shoals:2: layout_shoals, serial_shops, nicolae_stop_n_shop_2
Shoals:3: layout_shoals, nicolae_shoals_hunting_party, uniq_polyphemus
Shoals:4: shoals_end_hellmonk_lost_city, uniq_nikola
Spider:1: layout_chambers, uniq_agnes
Spider:2: layout_spider_delve, nicolae_spider_checkerboard
Spider:3: layout_chambers, drop_trap, hangedman_stitches_earthworm
Spider:4: hellmonk_spider_rune_bug_friends, gammafunk_ghost_tricky_traps
Orc:1:    layout_caves, uniq_sonja
Orc:2:    st_orc_congregation, layout_diamond_mine, serial_shops,
          nicolae_shop_stone, nicolae_shop_getting_attention, shop, shop,
          gauntlet_entry_generic
Elf:1:    eino_elf_arrival_shootout, layout_loops_corners,
          minmay_elf_annihilation
Elf:2:    nicolae_elf_blades_crystal_corner, layout_gridlike,
          gammafunk_ghost_grave, dk_noncrumbling_4
Elf:3:    minmay_elf_hall_spiked, layout_geoelf_octagon, serial_shops, shop,
          serial_sigils_hangedman_scratch
Vaults:1: st_lattice, v_alt_pattern_1, v_misc_14, hangedman_vaults_restitches,
          nicolae_vaults_alarming, nicolae_vaults_more_shelving_2,
          nicolae_vaults_apartment_1, nicolae_vaults_two_Ls,
          nicolae_vaults_diamond_2, nicolae_vaults_border_crossing,
          layout_vaults_omnigrid, serial_shops, shop
Vaults:2: nicolae_vaults_double_plus_2, vaults_room_pool,
          nicolae_vaults_what_the_h, nicolae_vaults_quartermaster, v_misc_29,
          grunt_vaults_focal, nicolae_vaults_circle_grid_a,
          nicolae_vaults_weapon_check, minmay_crypt_entry_necro_gods,
          nicolae_vaults_closet_pinwheel_5, v_misc_29,
          nicolae_vaults_closet_pinwheel_4, v_alt_pattern_1,
          layout_vaults_big_cross, uniq_jory, uniq_xtahua
Vaults:3: portal_desolation_entry_salt, hangedman_vaults_locks,
          vaults_standard_mumra_x, v_misc_14, v_misc_30, ontoclasm_vaults_idyll,
          nicolae_vaults_shelves_hall, nicolae_vaults_heart-shaped_vault,
          nicolae_vaults_trapezoid_3, hangedman_vaults_stagger,
          nicolae_vaults_triangles, lemuel_angel_altar, v_misc_15,
          layout_vaults_maze_bifur
Vaults:4: nicolae_vaults_storage_room_water, nicolae_vaults_surprise_closet,
          nicolae_vaults_trapezoid_lopsided_2, nicolae_vaults_closet_pinwheel_2,
          nicolae_vaults_trapezoid_lopsided_1, nicolae_vaults_tetromino_L_2,
          hangedman_vaults_variations, grunt_vaults_swirl,
          nicolae_vaults_network_periphery, nicolae_vaults_six-pack,
          vaults_room_pools, nicolae_vaults_tangram_2,
          nicolae_vaults_an_arrangement, vaults_room_pools, v_misc_19,
          layout_vaults_omnibox, uniq_donald
Vaults:5
Depths:1: layout_gridlike, rand_demon_pan_entry_8, hell_entry,
          serial_library_hellmonk_double_dead_end,
          serial_library_hellmonk_hallway_a, minmay_multi_spiral,
          uniq_saint_roka
Depths:2: hangedman_box_tower, layout_long_grid, hangedman_abyss_or_decor_slice,
          grunt_hell_entry_dis_grunt, serial_bayou, serial_bayou_pond_c,
          serial_bayou_pond_b, serial_bayou_ford_a, serial_bayou_pond_b,
          grunt_pan_entry_in_and_out, minmay_misc_feat_doors,
          minmay_misc_feat_ornament
Depths:3: minmay_the_grid_octo_tiled_squarecenter
          [minmay_the_grid_octo_fat_diamond, minmay_the_grid_octo_chip,
          minmay_the_grid_octo_shrine, minmay_the_grid_octo_clover,
          minmay_the_grid_square_5x5_megaprize_diamond,
          minmay_the_grid_square_5x5_fancy_junction,
          minmay_the_grid_square_5x5_c, minmay_the_grid_square_5x5_mess,
          minmay_the_grid_square_5x5_two_walls_b], layout_basic, abyss_entry,
          hell_entry, nrook_pool_corridor, uniq_enchantress, uniq_josephina
Depths:4: evilmike_zot_entry_argh, layout_gridlike, enter_ziggurat_a,
          hell_entry, ebering_ghost_gozag
Zot:1:    layout_gridlike
Zot:2:    layout_concentric_octagons
Zot:3:    layout_twisted_circle
Zot:4:    layout_basic, zot_minivault_5
Zot:5:    layout_cathedral_of_symmetry, skrybe_zot_glass_2

Table legend: (Time is in decaauts)
 A = Elapsed time spent in this place.
 B = Non-inter-level travel time spent in this place.
 C = Inter-level travel time spent in this place.
 D = Time resting spent in this place.
 E = Time spent auto-exploring this place.
 F = Levels seen in this place.
 G = Mean time per level.
                   A        B        C        D        E       F      G
               +--------+--------+--------+--------+--------+-----+--------+
         Total |  65775 |  62299 |   3476 |  11462 |  36694 |  51 | 1289.7 |
       Dungeon |  20908 |  19432 |   1476 |   2464 |  13204 |  15 | 1393.9 |
        Temple |     38 |      6 |     32 |      0 |      0 |   1 |   38.0 |
          Lair |   8048 |   7571 |    477 |   2383 |   3723 |   5 | 1609.6 |
        Shoals |   7467 |   7222 |    245 |   3006 |   2406 |   4 | 1866.8 |
   Spider Nest |   4799 |   4614 |    185 |    485 |   3314 |   4 | 1199.8 |
  Orcish Mines |   2122 |   1956 |    166 |    330 |    996 |   2 | 1061.0 |
   Elven Halls |   3210 |   3038 |    172 |    195 |   2179 |   3 | 1070.0 |
        Vaults |   9449 |   9105 |    344 |   1358 |   5824 |   5 | 1889.8 |
        Depths |   7134 |   6884 |    250 |    770 |   4642 |   4 | 1783.5 |
           Zot |   1823 |   1698 |    125 |    277 |    382 |   5 |  364.6 |
         Abyss |    371 |    371 |      0 |      0 |      0 |   2 |  185.5 |
      Gauntlet |    400 |    400 |      0 |    193 |     24 |   1 |  400.0 |
               +--------+--------+--------+--------+--------+-----+--------+

Top non-repeatable levels by time:
Vaults:5: 3137 daAuts
Shoals:3: 2575 daAuts
Depths:2: 2347 daAuts
  Lair:5: 2320 daAuts
    D:15: 2003 daAuts
Shoals:1: 2002 daAuts
    D:10: 1932 daAuts
Vaults:2: 1841 daAuts
Shoals:4: 1773 daAuts
Depths:3: 1767 daAuts
Depths:1: 1754 daAuts
  Lair:2: 1691 daAuts
Spider:3: 1678 daAuts
     D:7: 1650 daAuts
Vaults:4: 1630 daAuts

Table legend:
 A = Kills in this place as a percentage of kills in the entire game.
 B = Kills by you in this place as a percentage of kills by you in the entire game.
 C = Kills by friends in this place as a percentage of kills by friends in the entire game.
 D = Other kills in this place as a percentage of other kills in the entire game.
 E = Experience gained in this place as a percentage of experience gained in the entire game.
 F = Experience gained in this place divided by the number of levels of this place that you have seen.
                   A       B       C       D       E      F
               +-------+-------+-------+-------+-------+----------------------
         Total | 100.0 | 100.0 | 100.0 | 100.0 | 100.0 | 23731.3
       Dungeon |  23.3 |  23.4 |   0.0 |  25.0 |  10.4 | 8395.2
          Lair |   9.3 |   9.3 |   0.0 |   0.0 |   4.3 | 10451.0
        Shoals |  10.4 |  10.5 |   0.0 |   0.0 |  10.3 | 31139.0
   Spider Nest |   8.7 |   8.8 |   0.0 |   0.0 |   7.2 | 21656.0
  Orcish Mines |   6.8 |   6.9 |   0.0 |   0.0 |   1.7 | 10113.0
   Elven Halls |   4.8 |   4.8 |   0.0 |   0.0 |   6.4 | 25853.7
        Vaults |  19.5 |  19.5 |  16.7 |  25.0 |  28.1 | 67965.6
        Depths |  12.4 |  12.5 |   0.0 |   0.0 |  22.3 | 67522.8
           Zot |   3.7 |   3.2 |  83.3 |  50.0 |   8.6 | 20902.8
         Abyss |   1.0 |   1.0 |   0.0 |   0.0 |   0.6 | 3535.5
      Gauntlet |   0.2 |   0.2 |   0.0 |   0.0 |   0.1 | 1642.0
               +-------+-------+-------+-------+-------+----------------------
